 Dungeon Crawl Stone Soup version 0.14-a0-1707-g75daffb (webtiles) character file.

577 Psiweapon the Sneak (level 6, -1/42 HPs)
             Began as an Octopode Monk on Dec 31, 2013.
             Slain by an ogre
             ... wielding a +0,+0 giant spiked club
              (24 damage)
             ... on Level 4 of the Dungeon.
             The game lasted 00:20:44 (3948 turns).

Psiweapon the Sneak (Octopode Monk)                 Turns: 3948, Time: 00:20:44

HP  -1/42        AC  1     Str 12      XL: 6   Next: 84%
MP   6/6         EV 14     Int 13      God:
Gold 177         SH  0     Dex 14      Spells:  0 memorised,  5 levels left

rFire  . . .     SeeInvis .     C - +0 blowgun
rCold  . . .     Clarity  .     (no shield)
rNeg   . . .     Conserve .     (helmet restricted)
rPois  .         rCorr    .     (no amulet)
rElec  .         rRot     .     (no ring)
SustAb . .       Spirit   .     (no ring)
rMut   .         Warding  .     (no ring)
Saprov . . .     Stasis   .     (no ring)
                                (no ring)
                                (no ring)
                                (no ring)
                                (no ring)

@: slightly resistant to hostile enchantments, very stealthy
A: almost no armour, amphibious, 8 rings, constrict 8, camouflage 1, gelatinous
body 1
a: no special abilities


You were on level 4 of the Dungeon.
You were hungry.

You visited 1 branch of the dungeon, and saw 5 of its levels.

You collected 205 gold pieces.
You spent 28 gold pieces at shops.

Inventory:

Hand weapons
 c - a +0,+0 sling
 r - a +0,+0 sling
 u - a +0,+1 dwarven short sword of protection
 x - a cursed -4,-1 orcish dagger
 C - a +0 blowgun (weapon)
 L - a +1,+1 trident
Missiles
 a - 78 stones
 H - 27 poisoned needles (quivered)
Comestibles
 b - 7 bread rations
 w - a meat ration
 z - a pear
 A - a choko
 E - 25 sultanas
 K - a rotting chunk of rat flesh
 M - a chunk of rat flesh
Scrolls
 d - a scroll of enchant weapon I
 e - a scroll of curse jewellery {unknown}
 f - a scroll of curse armour {unknown}
 l - a scroll of curse weapon {unknown}
 m - 3 scrolls of teleportation
 n - 2 scrolls of remove curse {unknown}
 q - a scroll of amnesia {unknown}
 v - a scroll of fear {unknown}
 y - a scroll of random uselessness
 N - a scroll of enchant weapon II {unknown}
Potions
 g - a potion of restore abilities {unknown}
 h - 7 potions of curing
 i - a potion of flight {unknown}
 j - a potion of lignification {unknown}
 k - 3 potions of heal wounds
 o - a potion of degeneration {unknown}
 p - 2 potions of mutation {unknown}
 s - a potion of brilliance {unknown}
 t - a potion of speed {unknown}
 B - a potion of resistance {unknown}
 D - a potion of might
 F - a potion of magic {unknown}
 G - a potion of confusion {unknown}
Books
 I - a book of Control

   Spells                             Type                      Level
   Control Teleport                   Charms/Translocation         4
   Control Undead                     Necromancy                   4
   Enslavement                        Hexes                        4
   Mass Confusion                     Hexes                        6
   Metabolic Englaciation             Hexes/Ice                    6
 J - a book of Annihilations {highlevel}

   This book is beyond your current level of understanding.

   Spells                             Type                      Level
   Poison Arrow                       Conjuration/Poison           6
   Chain Lightning                    Conjuration/Air              8
   Lehudib's Crystal Spear            Conjuration/Earth            8
   Ice Storm                          Conjuration/Ice              9
   Fire Storm                         Conjuration/Fire             9


   Skills:
 - Level 3.2 Fighting
 - Level 2.0 Slings
 + Level 2.6 Throwing
 + Level 4.6 Dodging
 + Level 5.3 Stealth
 + Level 5.1 Unarmed Combat


You had 5 spell levels left.
You didn't know any spells.

Dungeon Overview and Level Annotations

Branches:
Dungeon (5/16)             Temple (0/1) D:4

Altars:
Ashenzari
Nemelex Xobeh

Shops:
D:4 =


Innate Abilities, Weirdness & Mutations

You cannot wear most types of armour.
You are amphibious.
You can wear up to eight rings at the same time.
You can use your tentacles to constrict many enemies at once.
Your skin changes colour to match your surroundings (Stlth).
Your rubbery body absorbs attacks (AC +1).


Message History

Aim: an ogre, wielding a giant spiked club (moderately wounded)
You shoot a poisoned needle. The poisoned needle hits the ogre.
The ogre is poisoned.
The ogre is moderately wounded.
The ogre hits you with a giant spiked club!
Ouch! That really hurt!
Firing (i - inventory. (,) - cycle):
H - 29 poisoned needles (quivered)
Press: ? - help, Shift-Dir - straight line, f/p - ogre
Aim: an ogre, wielding a giant spiked club (heavily wounded, poisoned)
You shoot a poisoned needle. The poisoned needle misses the ogre.
The ogre looks more healthy.
Firing (i - inventory. (,) - cycle):
H - 28 poisoned needles (quivered)
Press: ? - help, Shift-Dir - straight line, f/p - ogre
Aim: an ogre, wielding a giant spiked club (severely wounded)
You shoot a poisoned needle. The poisoned needle hits the ogre.
The ogre is poisoned.
The ogre is severely wounded.
The ogre hits you with a giant spiked club!
Ouch! That really hurt!
You die...

###.#.###.#..#.#
#......(...#
...%#.#...#..#.#
#.##########
....%...#....#.#
#.#
.####.#...##.#.#
#.# .#
#.#..###.#.# #.#
## #=#..###.#.#
#.# #∩.........#
#.#
###..###.#####.#
............@O.#
#########.#####
#.# #.. ####


You could see an ogre.

Vanquished Creatures
  A phantom (D:4)
  An ogre (D:4)
  A crimson imp (D:5)
  An orc priest (D:3)
  8 adders
  A worm (D:2)
  2 giant geckos
  6 orcs
  13 bats
  3 giant cockroaches
  14 goblins
  5 hobgoblins
  11 kobolds
  A quokka (D:2)
  A ball python (D:3)
  6 giant newts
  7 rats
82 creatures vanquished.

Notes
Turn   | Place    | Note
--------------------------------------------------------------
     0 | D:1      | Psiweapon, the Octopode Monk, began the quest for the Orb.
     0 | D:1      | Reached XP level 1. HP: 16/16 MP: 1/1
   127 | D:1      | Reached skill level 1 in Slings
   169 | D:1      | Reached XP level 2. HP: 18/21 MP: 2/2
   989 | D:2      | Reached XP level 3. HP: 23/26 MP: 3/3
  1255 | D:2      | Found a sparkling altar of Nemelex Xobeh.
  1670 | D:2      | Reached XP level 4. HP: 31/31 MP: 4/4
  1699 | D:2      | Found a shattered altar of Ashenzari.
  2179 | D:4      | Found Bekucot's Jewellery Shoppe.
  2199 | D:4      | Bought a cursed -5 ring of evasion for 28 gold pieces
  2792 | D:3      | Reached XP level 5. HP: 36/36 MP: 5/5
  3116 | D:3      | Reached skill level 1 in Throwing
  3173 | D:4      | Noticed an ogre
  3194 | D:4      | Killed an ogre
  3194 | D:4      | Reached XP level 6. HP: 42/42 MP: 6/6
  3721 | D:4      | Reached skill level 5 in Stealth
  3721 | D:4      | Reached skill level 5 in Unarmed Combat
  3782 | D:5      | Entered Level 5 of the Dungeon
  3899 | D:4      | Found a staircase to the Ecumenical Temple.
  3899 | D:4      | Noticed an ogre
  3948 | D:4      | Slain by an ogre

Action                   |  1- 3 |  4- 6 || total
-------------------------+-------+-------++-------
Melee: Unarmed           |    48 |    79 ||   127
       Sling             |     1 |       ||     1
 Fire: Sling             |    64 |    39 ||   103
       Blowgun           |       |    46 ||    46
Throw: Stone             |       |     1 ||     1
  Use: Scroll            |       |     6 ||     6
       Potion            |       |     5 ||     5
 Stab: Sleeping          |     3 |     6 ||     9
       Distracted        |       |     1 ||     1
